 Dungeon Crawl Stone Soup version 0.30-a0-772-g5528072125 (webtiles) character file.

Game seed: 4581181617699610231

249 bmack86 the Chopper (level 5, -1/47 HPs)
             Began as a Minotaur Fighter on Feb 13, 2023.
             Constricted to death by Eustachio (7 damage)
             ... on level 5 of the Dungeon.
             The game lasted 00:04:41 (1859 turns).

bmack86 the Chopper (Minotaur Fighter)              Turns: 1859, Time: 00:04:42

Health: -1/47      AC:  7    Str: 23    XL:     5   Next: 86%
Magic:  13/13      EV:  6    Int:  5    God:
Gold:   84         SH:  4    Dex:  9    Spells: 4/4 levels left

rFire   . . .      SeeInvis .    a - +1 war axe
rCold   . . .      Faith    .    c - +0 buckler
rNeg    . . .      Spirit   .    b - +0 scale mail
rPois   .          Reflect  .    (helmet restricted)
rElec   .          Harm     .    (no cloak)
rCorr   .          Rampage  .    (no gloves)
Will    .....                    (no boots) Stlth
                                 g - amulet of magic regeneration
HPRegen 0.27/turn                h - ring of magical power
MPRegen 0.53/turn                (no ring)

@: grasped by roots, constricted
A: horns 2, retaliatory headbutt
a: no special abilities


You were on level 5 of the Dungeon.
You visited 1 branch of the dungeon, and saw 5 of its levels.

You collected 84 gold pieces.

Inventory:

Hand Weapons
 a - a +1 war axe (weapon)
Missiles
 j - 3 poisoned darts (quivered)
Armour
 b - a +0 scale mail (worn)
 c - a +0 buckler (worn)
Jewellery
 g - an amulet of magic regeneration (around neck)
 h - a ring of magical power (left hand)
 k - an amulet of regeneration
Potions
 d - a potion of might
 e - 2 potions of heal wounds
 f - a potion of brilliance {unknown}
 i - a potion of invisibility {unknown}
 l - a potion of flight {unknown}
 m - 2 potions of curing {unknown}
 n - 2 potions of attraction {unknown}
 o - a potion of berserk rage {unknown}


   Skills:
 + Level 4.6 Fighting
 * Level 4.8 Axes
 + Level 1.8 Throwing
 + Level 4.6 Armour
 + Level 4.6 Shields


You had 4 spell levels left.
You didn't know any spells.
Your spell library was empty.

Dungeon Overview and Level Annotations

Branches:
Dungeon (6/15)
 Temple: D:4-7

Altars:

Annotations:
D:5 Eustachio, Grinder
D:6 Dowan, Duvessa


Innate Abilities, Weirdness & Mutations

You have a pair of horns on your head.
You reflexively headbutt those who attack you in melee.


Message History

The river rat bites you but does no damage.
Grinder hits you.
You writhe in agony.
* * * LOW HITPOINT WARNING * * *
You block Eustachio's attack.
The crimson imp blinks!
The river rat closely misses you.
You closely miss Eustachio. Your headbutt misses Eustachio.
Eustachio is severely wounded.
You hit Grinder. You slash the river rat! Grinder gestures at you.
You barely resist.
Eustachio mumbles some strange words.
Eustachio blinks!
You block the river rat's attack.
Grinder says, "Don't move a muscle."
Grinder hits you but does no damage. The bat hits you.
* * * LOW HITPOINT WARNING * * *
You slash the bat!
You kill the bat!
The bat's corpse disappears in a puff of smoke!
You closely miss Grinder. You closely miss the river rat.
The bat barely misses you. You furiously retaliate!
You headbutt the bat.
You kill the bat!
The bat's corpse disappears in a puff of smoke!
The river rat bites you but does no damage.
Eustachio zaps a wand.
The roots erupt in riotous growth!
The rat is unaffected.
The river rat is unaffected.
The grasping roots grab you! The grasping roots constrict you.
* * * LOW HITPOINT WARNING * * *
Grinder says, "My boss said I was rubbish.
His entrails said otherwise."
Grinder hits you.
* * * LOW HITPOINT WARNING * * *
You closely miss the rat. Your headbutt misses the rat.
You slash the river rat!
You kill the river rat!
The river rat's corpse disappears in a puff of smoke!
You hit Grinder but do no damage. The rat bites you but does no damage.
You block Grinder's attack.
Eustachio gestures wildly while chanting.
Eustachio blinks!
The grasping roots constrict you!
You die...

#.....# #.....#
#.....#
######.....##+#
###....#.....#..#
.......#.....#..#
.......#.....#..#
.......'.....'5.#
##########.....#@.+
...............#r§#
...............#..#
...............#5..
...............#...#
##########.....#.§.#
#.....#$..#
#.....#.@.# #.....#


You could see Eustachio, Grinder, a crimson imp (summoned) and a rat (summoned).

Vanquished Creatures
  2 phantoms (D:5)
  5 adders
  An ufetubus (D:6)
  2 worms (D:2)
  A dart slug (D:3)
  3 endoplasms (D:2)
  2 giant cockroaches (D:2)
  10 goblins
  2 hobgoblins (D:1)
  2 jackals (D:3)
  2 quokkas (D:2)
  3 ball pythons
  2 bats (D:2)
  A kobold (D:2)
  A rat (D:2)
39 creatures vanquished.

Notes
Turn   | Place    | Note
-------+----------+-------------------------------------------
     0 | D:1      | bmack86 the Minotaur Fighter began the quest for the Orb.
     0 | D:1      | Reached XP level 1. HP: 19/19 MP: 0/0
   699 | D:1      | Reached XP level 2. HP: 27/27 MP: 1/1
  1052 | D:2      | Reached XP level 3. HP: 28/33 MP: 2/2
  1092 | D:2      | Found a faded altar of an unknown god.
  1427 | D:2      | Reached XP level 4. HP: 37/40 MP: 3/3
  1650 | D:3      | Reached skill level 1 in Throwing
  1670 | D:3      | You fall into a shaft and drop 3 floors!
  1679 | D:6      | Noticed Duvessa
  1681 | D:6      | Noticed Dowan
  1686 | D:5      | Entered Level 5 of the Dungeon
  1686 | D:5      | Noticed a phantom
  1686 | D:5      | Noticed a phantom
  1703 | D:5      | Killed a phantom
  1704 | D:5      | Reached XP level 5. HP: 19/47 MP: 4/4
  1705 | D:5      | Killed a phantom
  1846 | D:5      | Noticed Grinder
  1846 | D:5      | Noticed Eustachio
  1859 | D:5      | Constricted to death by Eustachio

Illustrated notes

Levels and vault maps discovered:
D:1:      psy_arrival_conway, layout_basic, minmay_misc_feat_chi,
          minmay_misc_feat_pillars
D:2:      layout_loops_cross, nicolae_ecumenical_snake_handling,
          serial_park_tiny_2, chequers_serial_rivers_room_b
D:3:      minmay_chambers_of_threes, layout_basic, fedhas_altar_1, serial_shops,
          shop
D:5:      layout_gridville, minmay_temple_entry_arrows,
          kennysheep_generic_room_4, uniq_edmund, uniq_eustachio, uniq_grinder
D:6:      layout_loops_ring, nemelex_dance_club_becter, zin_academy,
          mainiacjoe_overflow_boulevard, gup_sewer_entry_bowl,
          nicolae_figureground_sparkle, uniq_duvessa

Skill      XL: |  1  2  3  4 |
---------------+-------------+-----
Axes           | 3 4 |  4.8
Fighting       | 4 |  4.6
Armour         | 4 |  4.6
Shields        | 4 |  4.6
Throwing       | 1 |  1.8

Action                     |  1- 3 |  4- 6 || total
---------------------------+-------+-------++-------
  Melee: War axe           |    59 |    41 ||   100
         Headbutt          |       |     8 ||     8
    Use: Scroll            |     3 |     2 ||     5
 Armour: Scale mail        |    26 |    25 ||    51
  Dodge: Dodged            |    31 |    22 ||    53
  Block: Buckler           |    19 |    11 ||    30

Table legend: (Time is in decaauts)
 A = Elapsed time spent in this place.
 B = Non-inter-level travel time spent in this place.
 C = Inter-level travel time spent in this place.
 D = Time resting spent in this place.
 E = Time spent auto-exploring this place.
 F = Levels seen in this place.
 G = Mean time per level.
                   A        B        C        D        E       F      G
               +--------+--------+--------+--------+--------+-----+--------+
         Total |   1897 |   1837 |     60 |      0 |   1364 |   5 |  379.4 |
       Dungeon |   1897 |   1837 |     60 |      0 |   1364 |   5 |  379.4 |
               +--------+--------+--------+--------+--------+-----+--------+

Top non-repeatable levels by time:
     D:1: 886 daAuts
     D:2: 789 daAuts
     D:5: 180 daAuts
     D:3: 24 daAuts
     D:6: 16 daAuts
